 Dungeon Crawl Stone Soup version 0.30-a0-748-ge6a52f7cba (webtiles) character file.

Game seed: 14322325411553588078

1749560 ShnitzelX3 the Impregnable (level 27, 232/232 HPs)
             Began as a Hill Orc Hunter on Feb 3, 2023.
             Was the Champion of Hepliaklqana.
             Escaped with the Orb
             ... and 3 runes on Feb 8, 2023!
             The game lasted 04:36:57 (63981 turns).

ShnitzelX3 the Impregnable (Hill Orc Hunter)       Turns: 63981, Time: 04:36:57

Health: 232/232    AC: 19    Str: 17    XL:     27
Magic:  41/41      EV: 21    Int: 20    God:    Hepliaklqana [******]
Gold:   5793       SH:  0    Dex: 24    Spells: 15/55 levels left

rFire   + + +      SeeInvis .    a - +8 storm bow {elec, penet}
rCold   + + +      Faith    .    (shield currently unavailable)
rNeg    + + +      Spirit   +    g - +5 scale mail of the Catfish {rElec rPois Will++ Str-3}
rPois   +          Reflect  .    M - -2 hat of the Alchemist {rElec rPois rF+ rC+ rN+ Will+ rMut rCorr}
rElec   +          Harm     .    R - scarf {repulsion}
rCorr   +          Rampage  .    e - +1 pair of gloves of Inaction {rF+ rN++ Will+ Stlth-}
rMut    +          Clarity  +    P - +1 pair of boots "Nolidom" {rPois rC+ rN+ Str+2}
Will    +++++                    S - amulet "Doiroemua" {Spirit +Blink Int+3}
Stlth   +                        E - ring of protection from fire
HPRegen 0.58/turn                B - ring of Usugas {rC+ rN+ Will+ Int+6}
MPRegen 0.27/turn

@: studying 2 skills, repel missiles
A: reduced essence, horns 2, thin skeletal structure 1, clarity, deformed body,
wild magic 1
0: Orb of Zot
}: 3/15 runes: serpentine, barnacled, silver
a: Renounce Religion, Evoke Blink, Recall Ancestor, Ancestor Identity,
Transference, Idealise


You escaped.
You worshipped Hepliaklqana.
Hepliaklqana was exalted by your worship.
You visited 9 branches of the dungeon, and saw 47 of its levels.
You also visited: Trove, Bailey and Wizlab.

You collected 11278 gold pieces.
You spent 5485 gold pieces at shops.

Inventory:

Hand Weapons
 a - the +8 storm bow (weapon) {elec, penet}
   (You found it in a treasure trove)
 b - a +4 war axe of electrocution
 J - the +8 dagger of the Vulture {venom, Int+2}
   (You found it on level 4 of the Lair of Beasts)

   Int:       It affects your intelligence (+2).
 T - a +1 flail of holy wrath
Missiles
 A - 21 curare-tipped darts
 D - 8 throwing nets
Armour
 e - the +1 pair of gloves of Inaction (worn) {rF+ rN++ Will+ Stlth-}
   (You found it on level 5 of the Vaults)

   rF:        It protects you from fire.
   rN:        It greatly protects you from negative energy.
   Will:      It increases your willpower.
   Stlth:     It makes you less stealthy.
 g - the +5 scale mail of the Catfish (worn) {rElec rPois Will++ Str-3}
   (You bought it in a shop on level 11 of the Dungeon)

   Str:       It affects your strength (-3).
   rElec:     It insulates you from electricity.
   rPois:     It protects you from poison.
   Will:      It greatly increases your willpower.
 L - the +0 cloak of Zuume {rF+ Str-2 Slay+4 SInv}
   (You acquired it on level 2 of the Vaults)

   Str:       It affects your strength (-2).
   Slay:      It affects your accuracy & damage with ranged weapons and melee
   (+4).
   rF:        It protects you from fire.
   SInv:      It lets you see invisible.
 M - the -2 hat of the Alchemist (worn) {rElec rPois rF+ rC+ rN+ Will+ rMut rCorr}
   (You found it in a treasure trove)

   rF:        It protects you from fire.
   rC:        It protects you from cold.
   rElec:     It insulates you from electricity.
   rPois:     It protects you from poison.
   rN:        It protects you from negative energy.
   rCorr:     It protects you from acid and corrosion.
   rMut:      It protects you from mutation.
   Will:      It increases your willpower.
 P - the +1 pair of boots "Nolidom" (worn) {rPois rC+ rN+ Str+2}
   (You acquired it on level 3 of the Vaults)

   Str:       It affects your strength (+2).
   rC:        It protects you from cold.
   rPois:     It protects you from poison.
   rN:        It protects you from negative energy.
 R - a scarf of repulsion (worn)
Jewellery
 j - a ring of flight
 q - a +6 ring of dexterity
 x - the amulet of the Death Scarab {Regen+ Str+4}
   (You found it in a treasure trove)

   [amulet of regeneration]

   Str:       It affects your strength (+4).
   Regen:     It increases your rate of health regeneration.
 B - the ring of Usugas (right hand) {rC+ rN+ Will+ Int+6}
   (You bought it in a shop on level 1 of the Snake Pit)

   [ring of intelligence]

   Int:       It affects your intelligence (+6).
   rC:        It protects you from cold.
   rN:        It protects you from negative energy.
   Will:      It increases your willpower.
 E - a ring of protection from fire (left hand)
 S - the amulet "Doiroemua" (around neck) {Spirit +Blink Int+3}
   (You found it in a bailey)

   [amulet of guardian spirit]

   It causes incoming damage to be divided between your reserves of health and
   magic.
   Int:       It affects your intelligence (+3).
   +Blink:    It lets you blink.
 X - a ring of wizardry
Wands
 l - a wand of flame (57)
 t - a wand of charming (22)
 y - a wand of acid (22)
 F - a wand of mindburst (18)
 H - a wand of roots (6)
 N - a wand of digging (12)
Scrolls
 d - 6 scrolls of immolation
 f - 9 scrolls of fog
 k - 12 scrolls of teleportation
 r - 2 scrolls of summoning
 w - a scroll of silence
 C - 6 scrolls of torment
 G - 6 scrolls of magic mapping
 V - 8 scrolls of fear
 W - 2 scrolls of poison
 Z - 6 scrolls of vulnerability
Potions
 c - 3 potions of cancellation
 h - 15 potions of might
 i - 3 potions of resistance
 m - 5 potions of ambrosia
 n - 6 potions of magic
 o - 3 potions of haste
 p - 14 potions of brilliance
 s - 7 potions of heal wounds
 v - 7 potions of lignification
 I - 9 potions of mutation
 Q - 3 potions of berserk rage
 Y - 10 potions of curing
Miscellaneous
 u - a phial of floods
 z - a condenser vane
 K - a phantom mirror
 U - a tin of tremorstones (2/2)


   Skills:
 + Level 23.0 Fighting
 - Level 2.0 Short Blades
 - Level 9.0 Axes
 * Level 24.2 Ranged Weapons
 + Level 25.1 Armour
 - Level 14.0 Dodging
 - Level 7.5 Stealth
 + Level 14.5 Spellcasting
 - Level 8.5 Hexes
 - Level 5.2 Translocations
 - Level 10.0 Transmutations
 - Level 4.1 Fire Magic
 + Level 5.2 Ice Magic
 - Level 7.3 Air Magic
 - Level 3.2 Earth Magic
 + Level 14.8 Invocations
 - Level 7.8 Evocations


You had 15 spell levels left.
You knew the following spells:

 Your Spells              Type           Power      Damage    Failure   Level
a - Portal Projectile     Hex/Tloc       100%       N/A       2%          3
b - Inner Flame           Hex/Fire       51%        N/A       3%          3
c - Cause Fear            Hex            29%        N/A       4%          4
d - Leda's Liquefaction   Hex/Erth       24%        N/A       11%         4
e - Manifold Assault      Tloc           46%        N/A       13%         4
f - Slow                  Hex            100%       N/A       1%          1
g - Confusing Touch       Hex            59%        N/A       1%          3
h - Tukima's Dance        Hex            59%        N/A       1%          3
i - Metabolic Englaciati  Hex/Ice        26%        N/A       17%         5
j - Silence               Hex/Air        28%        N/A       13%         5
k - Yara's Violent Unrav  Hex/Tmut       30%        3d13      8%          5

Your spell library contained the following spells:

 Spells                   Type           Power      Damage    Failure   Level
 Apportation              Tloc           92%        N/A       1%          1
 Beastly Appendage        Tmut           100%       N/A       1%          1
 Freeze                   Ice            100%       1d10      1%          1
 Ensorcelled Hibernation  Hex/Ice        100%       N/A       1%          2
 Passwall                 Tmut/Erth      43%        N/A       1%          2
 Wereblood                Tmut           63%        N/A       1%          2
 Swiftness                Air            54%        N/A       2%          3
 Sandblast                Erth           70%        2d15      3%          1
 Scorch                   Fire           80%        2d9       3%          2
 Vhi's Electric Charge    Tloc/Air       100%       N/A       3%          3
 Poisonous Vapours        Pois/Air       74%        N/A       4%          2
 Static Discharge         Conj/Air       74%        2-6/arc   4%          2
 Frozen Ramparts          Ice            92%        1d14      4%          3
 Kindle Blastsparks       Fire/Tloc/Air  94%        2d17      4%          3
 Ozocubu's Armour         Ice            46%        N/A       4%          3
 Spider Form              Tmut/Pois      45%        N/A       4%          3
 Foxfire                  Conj/Fire      100%       2x1d9     5%          1
 Ignite Poison            Fire/Tmut/Pois 43%        N/A       5%          3
 Ice Form                 Ice/Tmut       56%        N/A       5%          4
 Blade Hands              Tmut           31%        N/A       5%          5
 Cigotuvi's Dreadful Rot  Necr/Pois/Air  62%        N/A       7%          2
 Momentum Strike          Conj/Tloc      64%        3d9       7%          2
 Summon Guardian Golem    Hex/Summ       41%        N/A       7%          3
 Petrify                  Tmut/Erth      52%        N/A       8%          4
 Kiss of Death            Conj/Necr      72%        2d10      12%         1
 Magic Dart               Conj           72%        1d6       12%         1
 Necrotise                Necr           72%        1d7       12%         1
 Summon Small Mammal      Summ           72%        N/A       12%         1
 Hailstorm                Conj/Ice       32%        3d8       12%         3
 Mephitic Cloud           Conj/Pois/Air  31%        N/A       13%         3
 Passage of Golubria      Tloc           46%        N/A       13%         4
 Searing Ray              Conj           36%        2d5       17%         2
 Sublimation of Blood     Necr           18%        N/A       17%         2
 Stone Arrow              Conj/Erth      54%        3d10      17%         3
 Fulminant Prism          Conj/Hex       20%        3d12      19%         4
 Summon Lightning Spire   Summ/Air       37%        N/A       24%         4
 Call Canine Familiar     Summ           18%        N/A       30%         3
 Vampiric Draining        Necr           18%        2d7       30%         3
 Summon Ice Beast         Ice/Summ       32%        N/A       34%         4
 Alistair's Intoxication  Tmut/Pois      30%        N/A       34%         5
 Flame Wave               Conj/Fire      29%        2d9       41%         4
 Sticky Flame             Conj/Fire      29%        2d5       41%         4
 Animate Armour           Summ/Erth      54%        N/A       45%         4
 Freezing Cloud           Conj/Ice/Air   20%        6-21      45%         5
 Summon Mana Viper        Hex/Summ       41%        N/A       45%         5
 Arcjolt                  Conj/Air       18%        1d28      52%         5
 Lightning Bolt           Conj/Air       18%        1d33      52%         5
 Animate Dead             Necr           18%        N/A       67%         4
 Olgreb's Toxic Radiance  Pois           18%        N/A       67%         4
 Summon Forest            Summ/Tloc      16%        N/A       67%         5
 Statue Form              Tmut/Erth      34%        N/A       67%         6
 Fireball                 Conj/Fire      14%        3d8       73%         5
 Borgnjor's Vile Clutch   Necr/Erth      13%        N/A       78%         5
 Dragon Form              Tmut           31%        N/A       78%         7
 Dispersal                Tloc           23%        N/A       86%         6
 Eringya's Noxious Bog    Tmut/Pois      22%        N/A       87%         6
 Enfeeble                 Hex            29%        N/A       92%         7
 Storm Form               Tmut/Air       29%        N/A       92%         7
 Agony                    Necr           18%        N/A       95%         5
 Iskenderun's Battlesphe  Conj           18%        2d7       95%         5
 Simulacrum               Ice/Necr       16%        N/A       99%         6
 Starburst                Conj/Fire      14%        6d6       99%         6
 Death Channel            Necr           9%         N/A       100%        6
 Iron Shot                Conj/Erth      13%        9d3       100%        6
 Summon Cactus Giant      Summ           9%         N/A       100%        6
 Ozocubu's Refrigeration  Ice            23%        4d12      100%        7
 Summon Hydra             Summ           9%         N/A       100%        7
 Borgnjor's Revivificati  Necr           9%         N/A       100%        8
 Discord                  Hex            29%        N/A       100%        8
 Disjunction              Tloc           23%        N/A       100%        8
 Ignition                 Fire           20%        3d7       100%        8
 Lehudib's Crystal Spear  Conj/Erth      13%        10d5      100%        8
 Maxwell's Capacitive Co  Air            27%        ∞         100%        8
 Necromutation            Tmut/Necr      22%        N/A       100%        8
 Death's Door             Necr           9%         N/A       100%        9
 Dragon's Call            Summ           9%         N/A       100%        9


Dungeon Overview and Level Annotations

Branches:
Dungeon (15/15)            Temple (0/1) D:6            Lair (5/5) D:8
 Shoals (4/4) Lair:3        Snake (4/4) Lair:2        Slime (0/5) Lair:5
    Orc (2/2) D:9             Elf (3/3) Orc:2        Vaults (5/5) D:13
  Crypt (0/3) Vaults:3     Depths (4/4) D:15            Zot (5/5) Depths:4
 Bailey (visited)          WizLab (visited)

Altars:
Ashenzari
Dithmenos
Elyvilon
Gozag
Hepliaklqana
Kikubaaqudgha
Nemelex Xobeh
Okawaru
Qazlal
Sif Muna
Uskayaw
Vehumet
Xom
Yredelemnul
Zin
The Shining One
Jiyva
Lugonu

Shops:
D:2 *   D:11 **([[   D:13 (   Orc:2 *:(:?   Elf:1 (   Snake:1 =:==   Snake:2 (
Vaults:2 ?   Vaults:3 *   Vaults:5 =   Depths:1 *   Depths:2 *:   Depths:3 :

Portals:
Hell: Depths:1 Depths:2 Depths:3 Depths:4
Abyss: Lair:5 Depths:1 Depths:3
Pandemonium: Depths:1 Depths:2 Depths:3
Ziggurat: Depths:2

Annotations:
D:4 Edmund
D:12 Jorgrun
Shoals:4 4 exclusions
Snake:2 Mlioglotl
Elf:2 3 runed translucent doors
Depths:2 2 transporters
Zot:1 exclusion: door


Innate Abilities, Weirdness & Mutations

Your life essence is reduced to manifest your ancestor. (-10% HP)
You have a pair of horns on your head.
You have a somewhat thin skeletal structure. (Dex +2, Stealth+)
You possess an exceptional clarity of mind.
Armour fits poorly on your strangely shaped body.
Your spells are a little harder to cast, but a little more powerful.


Message History

The demonspawn black sun is lightly wounded.
Luci misses the demonspawn black sun.
You shoot an arrow. Luci avoids your attack.
The arrow pierces through the demonspawn black sun but does no damage.
The demonspawn black sun is lightly wounded.
Luci hits the demonspawn black sun with a +0 broad axe of speed!
Luci blocks the demonspawn black sun's attack.
Luci hits the demonspawn black sun with a +0 broad axe of speed!!
Press: ? - help, v - describe, . - travel
Here: a demonspawn black sun, wielding a +1 demon trident of venom and wearing a +0 leather armour (heavily wounded, ally target)
The floor, spattered with blood.
You shoot an arrow. Luci avoids your attack.
The arrow pierces through the demonspawn black sun!
The demonspawn black sun is heavily wounded.
Luci hits the demonspawn black sun with a +0 broad axe of speed.
Luci blocks the demonspawn black sun's attack.
Luci barely misses the demonspawn black sun.
You shoot an arrow. Luci avoids your attack.
The arrow pierces through the demonspawn black sun!!!
You kill the demonspawn black sun!
Your Fighting skill increases to level 23!
You swap places.
A shadow demon comes into view.
The shadow demon gestures.
Things that are here:
a +0 great sword; a +0 chain mail; a demonspawn corpse You shoot an arrow.
The arrow pierces through the shadow demon!!
The shadow demon is moderately wounded.
The shadow demon barely misses Luci.
Luci hits the shadow demon but does no damage.
You shoot an arrow. Luci avoids your attack.
The arrow pierces through the shadow demon!!
The shadow demon is severely wounded.
Luci hits the shadow demon with a +0 broad axe of speed!
The shadow demon dies!
No target in view!
You are no longer corroded.
There is a staircase leading out of the dungeon here.
You have escaped!

......# ###.#.# ##...##
#.#.# ###.## #.#.# #.#
#.#.# # #.# #.#.# #
#.####### #.#.# #
#...g...# #.#.#
#########'#########.###
..)............R@##...#
##).#.......#########.#
##.###..⌠..## #.#
.....##...## #.#
.....###.## #.# ##...#
##############.# #...#
#..............# #...#
################ ##...#


You could see the friendly Luci the knight (fast, reflecting).

Vanquished Creatures
  An orb of fire (Zot:1)
  2 ancient liches
  A juggernaut (Depths:4)
  Boris (Depths:3)
  Saint Roka (Depths:1)
  Xtahua (Vaults:3)
  3 Killer Klowns (Zot:5)
  2 caustic shrikes (Depths:3)
  Nikola (Snake:3)
  6 golden dragons
  2 electric golems
  2 liches (Depths:3)
  9 tentacled monstrosities
  A walking earthen tome (Depths:3)
  4 titans
  11 quicksilver dragons
  18 Orb Guardians
  A walking divine tome (Depths:3)
  An ancient champion (WizLab)
  Agnes (Snake:2)
  2 death cobs (Zot:1)
  7 shadow dragons
  5 tengu reavers
  5 sphinxes
  2 draconian monks
  6 storm dragons
  2 revenants (WizLab)
  11 fire giants
  3 frost giants
  6 deep elf sorcerers
  3 nagarajas
  Aizul (Snake:1)
  3 draconian shifters
  4 draconian scorchers
  2 iron dragons (Depths:3)
  8 vault wardens
  A caustic shrike zombie (WizLab)
  Louise (D:14)
  2 deep elf elementalists (Elf:3)
  An orc warlord (Vaults:3)
  3 spriggan defenders
  2 war gargoyles (Vaults:5)
  4 draconian annihilators
  A demonspawn corrupter (D:1)
  12 stone giants
  12 ironbound preservers
  3 vampire knights
  4 green draconians
  A demonspawn black sun (D:1)
  5 ironbound thunderhulks
  15 very ugly things
  An eleionoma (shapeshifter) (Vaults:5)
  2 black draconians
  5 deep elf annihilators
  A purple draconian (Zot:4)
  2 halazid warlocks (WizLab)
  8 deep elf demonologists
  5 yellow draconians
  3 spark wasps
  5 dire elephants
  5 red draconians
  4 merfolk javelineers
  6 white draconians
  Josephine (Orc:1)
  A quicksilver dragon zombie (WizLab)
  6 fire dragons
  8 deep elf death magi
  A blizzard demon (Depths:3)
  A crystal guardian (Vaults:1)
  9 ettins
  6 great orbs of eyes
  11 merfolk impalers
  8 yaktaur captains
  Fannar (Lair:2)
  2 hydras
  A deep elf high priest (Elf:3)
  9 ice dragons
  A jiangshi (WizLab)
  35 vault guards
  4 ogre magi
  A merfolk avatar (Lair:3)
  2 boulder beetles (D:15)
  2 salamander tyrants
  6 anacondas
  A peacekeeper (Vaults:4)
  2 ironbound frosthearts (Vaults:1)
  12 centaur warriors
  A spriggan air mage (Depths:3)
  A boulder beetle (shapeshifter) (Vaults:5)
  8 deep troll shamans
  4 merfolk aquamancers
  8 deep troll earth magi
  11 dancing weapons
  6 naga warriors
  A two-headed ogre (shapeshifter) (Vaults:5)
  3 spriggan berserkers
  A vampire mage (Depths:3)
  3 shock serpents (Snake:4)
  8 naga sharpshooters
  An orc high priest (Orc:2)
  2 thrashing horrors (Lair:5)
  7 deep elf knights
  5 hell knights (Vaults:5)
  A sun demon (Depths:1)
  Sonja (Lair:1)
  A titan skeleton (Depths:3)
  7 iron trolls
  A spectral spark wasp (WizLab)
  A shadow wraith (Vaults:5)
  A sixfirhy (Depths:2)
  44 deep trolls
  2 salamander mystics
  2 skeletal warriors
  6 deep elf archers
  17 sea snakes
  A death drake (shapeshifter) (Vaults:1)
  A spectral wolf spider (WizLab)
  6 flayed ghosts
  6 ironbound convokers
  7 naga ritualists
  A kraken simulacrum (Shoals:4)
  3 glowing orange brains (Depths:3)
  17 deep elf pyromancers
  An orange crystal statue (Elf:3)
  6 phantasmal warriors
  6 orc knights
  12 mana vipers
  9 necromancers
  6 lindwurms
  4 wizards
  4 harpies
  A wolf spider zombie (WizLab)
  A frost giant zombie (D:15)
  A stone giant zombie (Vaults:4)
  6 orc sorcerers
  7 fauns
  12 deep elf zephyrmancers
  An oklob plant (Lair:5)
  13 ugly things
  7 salamanders
  4 cyclopes
  20 moths of wrath
  9 manticores
  7 merfolk sirens
  Maurice (Orc:2)
  22 black mambas
  8 vault sentinels
  A water nymph (Lair:3)
  An ice statue (Lair:4)
  7 guardian serpents
  A gargoyle (D:10)
  5 naga magi
  4 cane toads
  An apocalypse crab (Zot:1)
  3 smoke demons
  2 orange demons
  33 yaktaurs
  A human zombie (Vaults:4)
  An efreet (D:15)
  4 komodo dragons
  4 rime drakes
  A cane toad (shapeshifter) (D:13)
  2 freezing wraiths (Vaults:5)
  A kobold demonologist (D:12)
  A tormentor (D:1)
  2 ice devils
  A yaktaur skeleton (Vaults:4)
  An ancient zyme (Lair:5)
  A tengu conjurer (Depths:2)
  16 merfolk
  A red devil (Depths:3)
  6 trolls
  Prince Ribbit (D:9)
  A polar bear (shapeshifter) (Elf:1)
  2 wind drakes
  9 hornets
  A blink frog (shapeshifter) (Elf:1)
  3 dream sheep
  21 blink frogs
  A raiju (shapeshifter) (Vaults:5)
  A dream sheep (shapeshifter) (Vaults:5)
  7 flying skulls (WizLab)
  11 water elementals
  2 shadows (D:9)
  24 slime creatures
  39 yaks
  A wraith (Orc:1)
  3 ynoxinuls (Lair:5)
  3 air elementals
  7 spriggans
  2 vampires (Vaults:3)
  A wyvern (D:8)
  A fire elemental (Elf:3)
  A hog (shapeshifter) (Depths:3)
  5 steam dragons
  Menkaure (D:4)
  2 redbacks
  3 vampire mosquitoes (D:13)
  2 basilisks
  2 wargs
  5 large abominations
  A swamp worm (shapeshifter) (Depths:3)
  20 nagas
  An acid dragon (D:13)
  A glowing shapeshifter zombie (Depths:3)
  A water moccasin (shapeshifter) (Vaults:5)
  3 floating eyes (Depths:3)
  9 water moccasins
  Duvessa (D:4)
  17 orc warriors
  2 black bears
  An ice beast (Vaults:1)
  A sky beast (D:8)
  A boggart (Vaults:1)
  9 ogres
  9 wolves (Lair:1)
  10 centaurs
  A phantom (D:9)
  10 bullfrogs
  A necrophage (D:7)
  2 scorpions
  A human skeleton (Vaults:4)
  3 glowing shapeshifter simulacra
  3 small abominations (Lair:5)
  A gnoll sergeant (D:11)
  Dowan (D:4)
  3 wights (D:8)
  A hornet simulacrum (D:15)
  12 killer bees
  4 electric eels
  2 hounds
  A jelly (D:5)
  6 orc priests
  2 gnoll boudas
  Ijyb (D:5)
  3 iguanas
  6 orc wizards
  5 ogre zombies (D:9)
  14 gnolls
  6 adders
  A white imp (D:5)
  2 worms
  3 dart slugs
  37 orcs
  6 bats (D:1)
  5 endoplasms
  4 giant cockroaches
  7 hobgoblins
  9 jackals
  5 quokkas
  7 ball pythons
  4 frilled lizards
  7 goblins
  2 goblin skeletons (D:9)
  2 goblin zombies (D:9)
  A hobgoblin zombie (D:9)
  8 kobolds
  An orc skeleton (D:9)
  10 orc zombies (D:9)
  4 rats
  A fire vortex (Depths:1)
1313 creatures vanquished.

Vanquished Creatures (collateral kills)
  A dread lich (Vaults:5)
  4 orbs of fire (Zot:5)
  4 ancient liches (Zot:5)
  2 juggernauts (Depths:3)
  Boris (Vaults:5)
  Vashnia (Snake:2)
  2 caustic shrikes (Depths:3)
  A curse toe (Zot:5)
  10 golden dragons
  2 bone dragons
  An electric golem (Zot:1)
  A Tzitzimitl (Depths:3)
  9 tentacled monstrosities
  4 titans
  A deep elf blademaster (Elf:3)
  A lich (Depths:3)
  9 Orb Guardians
  6 quicksilver dragons
  5 death cobs
  An ancient champion (WizLab)
  4 sphinxes
  7 storm dragons
  5 tengu reavers
  5 shadow dragons
  2 draconian monks
  Donald (Snake:2)
  A fenstrider witch (Shoals:1)
  2 nagarajas
  Ilsuiw (Shoals:3)
  6 fire giants
  An iron dragon (Zot:1)
  4 frost giants
  6 deep elf elementalists (Elf:3)
  A balrug (Depths:1)
  9 vault wardens
  3 draconian scorchers
  3 deep elf sorcerers (Elf:3)
  2 ghost moths (shapeshifter) (Vaults:5)
  A caustic shrike zombie (WizLab)
  A spectral caustic shrike (WizLab)
  An angel (Depths:2)
  10 ironbound preservers
  3 draconian annihilators
  2 draconian stormcallers
  A war gargoyle (Vaults:5)
  7 very ugly things
  A juggernaut skeleton (Depths:3)
  A quicksilver ooze (shapeshifter) (Vaults:5)
  2 ironbound thunderhulks
  8 stone giants
  2 deep elf demonologists (Elf:3)
  2 green draconians
  3 black draconians
  3 vampire knights
  2 red draconians
  4 deep elf annihilators
  6 dire elephants
  2 white draconians
  3 yellow draconians
  4 purple draconians
  3 spark wasps (Depths:1)
  3 halazid warlocks (WizLab)
  3 deep elf death magi
  2 eidola (WizLab)
  3 ettins (Vaults:5)
  4 merfolk impalers
  2 entropy weavers
  5 fire dragons
  3 yaktaur captains
  2 jiangshi (WizLab)
  5 great orbs of eyes
  4 deep elf high priests (Elf:3)
  11 vault guards
  9 ice dragons
  3 rakshasas
  A salamander tyrant (Snake:3)
  2 ogre magi
  3 hydras
  An alligator snapping turtle (Shoals:4)
  2 ironbound frosthearts
  5 spriggan air magi
  4 centaur warriors
  A peacekeeper (Vaults:1)
  9 anacondas
  3 two-headed ogres
  A satyr (Shoals:3)
  A merfolk aquamancer (Shoals:4)
  6 dancing weapons
  A merfolk avatar (Shoals:4)
  8 naga warriors
  A titan zombie (WizLab)
  2 deep troll earth magi
  2 vampire magi (WizLab)
  A tengu warrior (Depths:3)
  9 naga sharpshooters
  5 spriggan berserkers
  A sun demon (D:5)
  2 orc high priests (Orc:2)
  5 shock serpents
  A shock serpent (shapeshifter) (Depths:3)
  4 iron trolls
  3 hell knights
  5 deep elf knights
  A salamander mystic (Snake:1)
  A spectral spark wasp (WizLab)
  12 sea snakes
  2 skeletal warriors
  A shadow wraith (WizLab)
  A golden dragon zombie (D:15)
  2 sixfirhies
  29 deep trolls
  A glowing orange brain (Depths:3)
  A shadow demon (D:1)
  2 naga ritualists
  2 flayed ghosts (WizLab)
  2 phantasmal warriors
  4 wizards
  A tengu zombie (Depths:3)
  An obsidian statue (Elf:3)
  A deep elf archer (Elf:2)
  5 orc knights
  3 deep elf pyromancers
  5 ironbound convokers
  5 harpies
  9 mana vipers
  4 lindwurms
  An orc sorcerer (Orc:2)
  A sphinx zombie (D:15)
  6 fauns
  11 deep elf zephyrmancers
  3 necromancers
  A mana viper (shapeshifter) (Vaults:5)
  22 ugly things
  2 oklob plants (Lair:5)
  A cyclops (shapeshifter) (Depths:3)
  2 cyclopes
  9 manticores
  A stone giant zombie (D:15)
  8 salamanders
  9 moths of wrath
  A fire giant skeleton (Vaults:2)
  A human zombie (Vaults:4)
  4 guardian serpents
  6 vault sentinels
  2 merfolk sirens (Shoals:3)
  12 naga magi
  A smoke demon (Lair:5)
  2 orange demons (Depths:3)
  A gargoyle (D:12)
  3 torpor snails (Lair:4)
  An apocalypse crab (Zot:1)
  An unseen horror (D:11)
  25 black mambas
  A hellion (Depths:2)
  4 cane toads
  2 large abominations (Elf:1)
  6 rime drakes
  An ice devil (D:12)
  An efreet (D:9)
  7 komodo dragons
  4 harpy zombies (WizLab)
  13 yaktaurs
  A spectral harpy (WizLab)
  2 trolls
  A hellwing (Depths:3)
  5 wind drakes
  2 hornets
  A wind drake (shapeshifter) (D:13)
  11 merfolk
  An ettin zombie (Vaults:2)
  A spriggan zombie (WizLab)
  7 blink frogs
  6 snapping turtles
  9 dream sheep
  13 slime creatures
  An air elemental (Elf:1)
  2 vampires
  A shadow (D:11)
  3 spriggans
  2 flying skulls (WizLab)
  5 water elementals
  7 wraiths
  2 ynoxinuls (Lair:5)
  2 basilisks
  36 yaks
  A yak (shapeshifter) (Vaults:5)
  3 chaos spawn
  3 fire elementals
  A neqoxec (Depths:3)
  A wyvern (Lair:2)
  A redback (shapeshifter) (Vaults:5)
  8 small abominations (Lair:5)
  2 vampire mosquitoes (D:13)
  A two-headed ogre zombie (D:9)
  An acid dragon (D:9)
  22 nagas
  9 water moccasins
  2 ice beasts (D:7)
  13 orc warriors
  3 black bears
  2 ogres
  5 centaurs
  5 wolves
  A kobold brigand (D:7)
  An elf zombie (Elf:1)
  A gnoll sergeant (D:8)
  8 bullfrogs
  An earth elemental (Elf:2)
  A scorpion (D:4)
  6 wights
  3 killer bees (D:8)
  3 howler monkeys (D:11)
  3 electric eels
  A hound (D:6)
  2 jellies
  4 orc priests (Orc:2)
  2 iguanas
  6 orc wizards
  A hell rat (Lair:4)
  2 ogre zombies (D:9)
  8 gnolls
  2 shadow imps
  29 orcs
  3 goblins (D:9)
  A quokka (D:4)
  A goblin skeleton (D:9)
  A goblin zombie (D:9)
  A hobgoblin skeleton (D:9)
  A hobgoblin zombie (D:9)
  2 kobolds (D:7)
  An orc skeleton (D:9)
  4 orc zombies (D:9)
924 creatures vanquished.

Vanquished Creatures (others)
  A golden dragon (Zot:5)
  2 deep elf master archers (Elf:3)
  A storm dragon (Depths:3)
  A vault warden (Vaults:1)
  A draconian annihilator (Zot:1)
  2 stone giants
  A red draconian (Zot:1)
  3 yaktaur captains
  A centaur warrior (Vaults:1)
  A naga sharpshooter (Snake:4)
  A deep elf knight (Elf:2)
  A deep elf zephyrmancer (Elf:1)
  A salamander (Snake:3)
  A vault sentinel (Vaults:3)
  A naga mage (Snake:3)
  8 yaktaurs
  An acid dragon (D:9)
  A naga (Snake:3)
  55 knights
  3 ancestors
  30 fungi
  146 plants
  16 tentacles (Shoals:4)
  6 withered plants
285 creatures vanquished.

Grand Total: 2522 creatures vanquished

Notes
Turn   | Place    | Note
-------+----------+-------------------------------------------
     0 | D:1      | ShnitzelX3 the Hill Orc Hunter began the quest for the Orb.
     0 | D:1      | Reached XP level 1. HP: 18/18 MP: 1/1
    10 | D:1      | You fall into a shaft and drop 1 floor!
   371 | D:2      | Reached skill level 1 in Stealth
   414 | D:2      | Reached XP level 2. HP: 24/25 MP: 2/2
   615 | D:2      | Found Ebarefif's General Store.
   624 | D:2      | Reached XP level 3. HP: 18/31 MP: 3/3
  1030 | D:1      | Reached XP level 4. HP: 15/38 MP: 4/4
  1691 | D:2      | Reached skill level 1 in Short Blades
  1788 | D:3      | Reached XP level 5. HP: 37/45 MP: 5/5
  1810 | D:3      | Found a hazy altar of Hepliaklqana.
  1885 | D:3      | Found a shadowy altar of Dithmenos.
  1885 | D:3      | Noticed a shadow
  1891 | D:3      | Became a worshipper of Hepliaklqana the Forgotten
  1951 | D:3      | Found an opulent altar of Gozag.
  2029 | D:3      | Noticed an ice beast
  2558 | D:4      | Reached * piety under Hepliaklqana
  2578 | D:4      | Found a glowing golden altar of the Shining One.
  2762 | D:4      | Reached XP level 6. HP: 22/46 MP: 6/6
  2885 | D:4      | Noticed Edmund
  3048 | D:4      | Noticed Dowan
  3049 | D:4      | Noticed Duvessa
  3244 | D:5      | Entered Level 5 of the Dungeon
  3327 | D:5      | Reached XP level 7. HP: 54/54 MP: 7/7
  3586 | D:5      | Noticed Ijyb
  3598 | D:5      | Killed Ijyb
  3599 | D:5      | Reached skill level 5 in Ranged Weapons
  4100 | D:6      | Reached ** piety under Hepliaklqana
  4136 | D:6      | Remembered your ancestor Luci as a knight
  4160 | D:6      | Noticed a troll
  4165 | D:6      | Killed a troll
  4166 | D:6      | Reached skill level 5 in Fighting
  4166 | D:6      | Reached skill level 1 in Axes
  4167 | D:6      | Reached XP level 8. HP: 61/61 MP: 8/8
  4253 | D:6      | Learned a level 3 spell: Portal Projectile
  4324 | D:6      | Found a staircase to the Ecumenical Temple.
  4500 | D:6      | Found a broken altar of Ashenzari.
  4696 | D:7      | Found a hide-covered altar of Uskayaw.
  4804 | D:7      | Reached XP level 9. HP: 67/67 MP: 9/9
  4806 | D:7      | Found a radiant altar of Vehumet.
  4895 | D:7      | Reached skill level 1 in Invocations
  5220 | D:7      | Found a white marble altar of Elyvilon.
  5277 | D:7      | Found a stormy altar of Qazlal.
  5519 | D:8      | Reached skill level 5 in Stealth
  5627 | D:8      | Found a shimmering altar of Xom.
  5629 | D:8      | Found a shimmering altar of Xom.
  5631 | D:8      | Found a shimmering altar of Xom.
  5631 | D:8      | Found a shimmering altar of Xom.
  5631 | D:8      | Found a shimmering altar of Xom.
  5632 | D:8      | Found a shimmering altar of Xom.
  5770 | D:8      | Reached skill level 5 in Dodging
  5770 | D:8      | Reached XP level 10. HP: 77/77 MP: 12/12
  6066 | D:8      | Reached *** piety under Hepliaklqana
  6119 | D:8      | Found a staircase to the Lair.
  6156 | D:9      | Noticed Prince Ribbit
  6156 | D:9      | Found a flagged portal.
  6284 | D:9      | Found the amulet of the Air {Inacc Air Fly rElec RMsl}
  6287 | D:9      | Found a staircase to the Orcish Mines.
  6296 | D:9      | Reached skill level 5 in Invocations
  6363 | D:9      | Killed Prince Ribbit
  6366 | D:9      | Identified the +0 whip "Zaymiav" {pain, rF+ rN+ Str-3
                  | Dex+3}
  6410 | Bailey   | Entered a bailey
  6566 | Bailey   | Noticed an orc knight
  6566 | Bailey   | Noticed an orc knight
  6566 | Bailey   | Noticed an orc knight
  6685 | Bailey   | Killed an orc knight
  6761 | Bailey   | Killed an orc knight
  6762 | Bailey   | Reached XP level 11. HP: 85/85 MP: 15/15
  6808 | Bailey   | Killed an orc knight
  6860 | Bailey   | Identified the amulet "Doiroemua" {Spirit +Blink Int+3}
  7114 | D:9      | Noticed an eight-headed hydra
  7195 | D:9      | Killed a seven-headed hydra
  7196 | D:9      | Reached skill level 1 in Spellcasting
  7224 | D:9      | Found a sparkling altar of Nemelex Xobeh.
  7297 | D:9      | Reached skill level 10 in Ranged Weapons
  7395 | D:9      | Noticed a five-headed hydra
  7401 | D:9      | Killed a five-headed hydra
  7438 | D:9      | Noticed an eight-headed hydra
  7543 | D:9      | Killed an eight-headed hydra
  7689 | D:10     | Entered Level 10 of the Dungeon
  7929 | D:10     | Reached XP level 12. HP: 95/95 MP: 17/17
  7959 | D:10     | Found a glowing silver altar of Zin.
  8093 | D:10     | Identified the +5 chain mail "Xost" {-Cast rElec Will++
                  | Stlth+}
  8482 | D:11     | Reached skill level 10 in Fighting
  8485 | D:11     | Found Ydghihirph's General Store.
  8557 | D:11     | Found Foheytog's Weapon Boutique.
  8602 | D:11     | Found Gamuocw's Antique Armour Shop.
  8612 | D:11     | Reached skill level 1 in Armour
  8613 | D:11     | Found Vouly's Antique Armour Shoppe.
  8631 | D:11     | Bought a fine scale mail for 297 gold pieces
  8631 | D:11     | Identified the +5 scale mail of the Catfish {rElec rPois
                  | Will++ Str-3} (You bought it in a shop on level 11 of the
                  | Dungeon)
  8664 | D:11     | Found Akkuprin's General Store.
  8682 | D:11     | Reached **** piety under Hepliaklqana
  8970 | D:12     | Found a frozen archway.
  8985 | D:12     | Reached skill level 2 in Armour
  9060 | D:12     | Reached skill level 1 in Evocations
  9269 | D:12     | Reached skill level 3 in Armour
  9624 | D:12     | Noticed a two-headed ogre
  9628 | D:12     | Killed a two-headed ogre
  9653 | D:12     | Noticed Jorgrun
  9676 | D:12     | Reached skill level 4 in Armour
  9766 | Orc:1    | Entered Level 1 of the Orcish Mines
  9766 | Orc:1    | Noticed an ettin
  9796 | Orc:1    | Noticed an ogre mage
  9801 | Orc:1    | Killed an ogre mage
  9906 | Orc:1    | Reached skill level 5 in Armour
  9920 | Orc:1    | Noticed an orc warlord
  9923 | Orc:1    | Reached XP level 13. HP: 90/103 MP: 14/18
  9927 | Orc:1    | Noticed an orc warlord
  9938 | Orc:1    | Noticed Josephine
 10048 | Lair:1   | Entered Level 1 of the Lair of Beasts
 10366 | Lair:1   | Noticed Sonja
 10395 | Lair:1   | Reached skill level 6 in Armour
 10437 | Lair:1   | Killed Sonja
 10682 | Lair:1   | Reached ***** piety under Hepliaklqana
 10822 | Lair:2   | Found a staircase to the Snake Pit.
 10863 | Lair:2   | Noticed Fannar
 10940 | Lair:2   | Killed Fannar
 11170 | Lair:2   | Reached skill level 7 in Armour
 11215 | Lair:2   | Found a dark tunnel.
 11355 | Lair:2   | Gained mutation: You have a pair of small horns on your
                  | head. [potion of mutation]
 11355 | Lair:2   | Gained mutation: Your spells are a little harder to cast,
                  | but a little more powerful. [potion of mutation]
 11355 | Lair:2   | Gained mutation: You have large cloven feet. [potion of
                  | mutation]
 11706 | Lair:3   | You are sucked into a shaft and drop 2 floors!
 11706 | Lair:5   | Entered Level 5 of the Lair of Beasts
 12489 | Lair:4   | Reached skill level 8 in Armour
 12492 | Lair:4   | Reached skill level 5 in Evocations
 12547 | Lair:4   | Reached XP level 14. HP: 76/112 MP: 13/21
 12667 | Lair:4   | Reached skill level 5 in Spellcasting
 12703 | Lair:4   | Noticed a dire elephant
 12778 | Lair:4   | Reached skill level 1 in Hexes
 12798 | Lair:4   | Reached skill level 1 in Translocations
 12923 | Lair:4   | HP: 1/113 [dire elephant (20)]
 13342 | Lair:4   | Killed a dire elephant
 13561 | Lair:4   | Identified the +8 dagger of the Vulture {venom, Int+2}
 14154 | Lair:5   | Reached skill level 9 in Armour
 14199 | Lair:5   | Identified the +6 scale mail of Aneblih {-Tele rF+ rC++
                  | Regen+}
 14423 | Lair:5   | Found a viscous altar of Jiyva.
 14424 | Lair:5   | Found a staircase to the Slime Pits.
 14562 | Lair:5   | Reached ****** piety under Hepliaklqana
 15187 | Lair:5   | Reached XP level 15. HP: 102/120 MP: 23/23
 15413 | Lair:5   | Found a corrupted altar of Lugonu.
 15413 | Lair:5   | Found a one-way gate to the infinite horrors of the Abyss.
 15846 | D:13     | Found Coxulus's Weapon Boutique.
 16197 | D:13     | Found a gate to the Vaults.
 16858 | D:13     | Reached skill level 10 in Dodging
 17032 | D:4      | Killed Dowan
 17038 | D:4      | Killed Duvessa
 17059 | D:4      | Noticed Menkaure
 17067 | D:4      | Killed Menkaure
 17090 | D:4      | Found an iron altar of Okawaru.
 17824 | D:12     | Upgraded the game from 0.30-a0-737-gf23d94013f to
                  | 0.30-a0-738-g116ff8c4af
 18041 | D:14     | Reached skill level 10 in Armour
 18183 | D:14     | Found a basalt altar of Yredelemnul.
 18206 | D:14     | Reached skill level 5 in Hexes
 18272 | D:14     | Noticed Louise
 18504 | Snake:1  | Entered Level 1 of the Snake Pit
 18509 | Snake:1  | Noticed Aizul
 18730 | Snake:1  | Killed Aizul
 19417 | Snake:1  | Reached XP level 16. HP: 92/129 MP: 18/25
 19694 | Snake:1  | Found Ilomutt's Book Emporium.
 19694 | Snake:1  | Found Suwn's Jewellery Boutique.
 19695 | Snake:1  | Found Gorojew's Jewellery Boutique.
 19721 | Snake:1  | Bought the ring of Usugas {rC+ rN+ Will+ Int+6} for 956
                  | gold pieces
 19793 | Snake:1  | Found Qual Jap's Jewellery Shoppe.
 20068 | Snake:1  | Learned a level 3 spell: Inner Flame
 20073 | Snake:2  | Noticed Vashnia
 20326 | Snake:1  | Reached skill level 1 in Fire Magic
 20904 | Shoals:1 | Entered Level 1 of the Shoals
 21475 | Shoals:1 | Noticed a fenstrider witch
 21482 | Shoals:1 | Killed a fenstrider witch
 21507 | Shoals:1 | Learned a level 4 spell: Cause Fear
 22446 | Shoals:2 | Reached skill level 11 in Armour
 22870 | Shoals:2 | Identified the +3 chain mail of Muatuam {Rampage}
 23111 | Shoals:2 | Got the Omnibus of Gloom
 24030 | Shoals:3 | Noticed Ilsuiw
 24037 | Shoals:4 | Entered Level 4 of the Shoals
 24037 | Shoals:4 | Noticed a kraken
 24037 | Shoals:4 | Noticed a kraken
 24037 | Shoals:4 | Noticed a kraken
 24037 | Shoals:4 | Noticed a kraken
 24153 | Shoals:3 | Reached XP level 17. HP: 138/138 MP: 22/28
 25019 | Shoals:4 | Identified a scroll of acquirement
 25020 | Shoals:4 | Acquired 637 gold pieces
 25057 | Shoals:4 | Got a barnacled rune of Zot
 25337 | Shoals:3 | Killed Ilsuiw
 25499 | Shoals:4 | Learned a level 4 spell: Leda's Liquefaction
 26179 | Shoals:4 | Reached skill level 1 in Earth Magic
 26947 | Snake:1  | Reached skill level 12 in Armour
 27211 | Snake:1  | Reached skill level 15 in Fighting
 27738 | Snake:2  | Noticed Agnes
 27755 | Snake:2  | Killed Agnes
 27900 | Snake:2  | Killed Vashnia
 28181 | Snake:2  | Noticed Donald
 28189 | Snake:2  | Killed Donald
 28393 | Snake:2  | Reached XP level 18. HP: 118/146 MP: 14/30
 28506 | Snake:2  | Found Effaikle's Weapon Shop.
 28684 | Snake:2  | Noticed Mlioglotl
 29182 | Snake:3  | Learned a level 4 spell: Manifold Assault
 29473 | Snake:3  | Noticed Nikola
 29597 | Snake:3  | Killed Nikola
 30063 | Snake:3  | Reached skill level 5 in Translocations
 31071 | Snake:4  | Entered Level 4 of the Snake Pit
 31157 | Snake:4  | Reached skill level 13 in Armour
 31283 | Snake:4  | Upgraded the game from 0.30-a0-738-g116ff8c4af to
                  | 0.30-a0-739-gea05faddec
 32288 | Snake:4  | Reached XP level 19. HP: 136/154 MP: 22/32
 32416 | Snake:4  | Reached skill level 14 in Armour
 32751 | Snake:4  | Got a serpentine rune of Zot
 32877 | Snake:4  | Identified the +5 trident "Azuph" {flame, Drain rElec Int+3
                  | Dex+5}
 32882 | Snake:4  | Reached skill level 5 in Axes
 33359 | Orc:1    | Killed Josephine
 33594 | Orc:2    | Entered Level 2 of the Orcish Mines
 33594 | Orc:2    | Found a staircase to the Elven Halls.
 33634 | Orc:2    | Found Puon's Magic Scroll Emporium.
 33652 | Orc:2    | Noticed Maurice
 33664 | Orc:2    | Killed Maurice
 33823 | Orc:2    | Bought a scroll of acquirement for 780 gold pieces
 34116 | Orc:2    | Found Kityss's Book Shoppe.
 34116 | Orc:2    | Found Gientoc's General Store.
 34118 | Orc:2    | Found Hesuth's Antique Weapon Shoppe.
 34118 | Orc:2    | Found Vuveef's Book Shop.
 34127 | Orc:2    | Bought a crude hand axe for 176 gold pieces
 34127 | Orc:2    | Identified the +1 hand axe of a Labyrinth {elec, Will+}
                  | (You bought it in a shop on level 2 of the Orcish Mines)
 34132 | Orc:2    | Bought a scroll of blinking for 105 gold pieces
 34132 | Orc:2    | Bought a scroll of enchant weapon for 105 gold pieces
 34283 | Elf:1    | Entered Level 1 of the Elven Halls
 34491 | Elf:1    | Reached skill level 15 in Armour
 34691 | Elf:1    | Found Jotikhleo's Antique Weapon Shoppe.
 34722 | Elf:1    | Bought a crystal war axe for 178 gold pieces
 34722 | Elf:1    | Identified the +6 war axe of the Everdark {vamp, Int+6}
                  | (You bought it in a shop on level 1 of the Elven Halls)
 34756 | Elf:1    | Reached skill level 15 in Ranged Weapons
 35173 | Elf:1    | Got Cigotuvi's Precepts of Black Arts
 35754 | Elf:2    | Paralysed by an air elemental for 1 turns
 36180 | Elf:2    | Found a runed translucent gate.
 36180 | Elf:2    | Found a runed translucent gate.
 36180 | Elf:2    | Found a runed translucent gate.
 36377 | Elf:3    | Entered Level 3 of the Elven Halls
 36691 | Elf:3    | Found a portal to a secret trove of treasure.
 36836 | Orc:2    | Bought a scroll of enchant weapon for 112 gold pieces
 37324 | Elf:3    | Reached XP level 20. HP: 165/165 MP: 33/33
 37340 | Elf:3    | You paid a toll of a +6 demon trident to enter a treasure
                  | trove
 37341 | Trove    | Entered a treasure trove
 37346 | Trove    | Found the +8 storm bow {elec, penet}
 37346 | Trove    | Found the -2 hat of the Alchemist {rElec rPois rF+ rC+ rN+
                  | Will+ rMut rCorr}
 37352 | Trove    | Identified the +2 ring mail of Plog {-Tele rCorr Int+6
                  | SInv}
 37357 | Trove    | Identified the amulet of the Death Scarab {Regen+ Str+4}
 37364 | Trove    | Identified the ring of the Suburbs {rPois EV+5 Int+3}
 37389 | Trove    | Acquired 875 gold pieces
 37538 | Elf:3    | Paralysed by an air elemental for 1 turns
 37887 | Elf:3    | Reached skill level 16 in Armour
 38009 | Elf:3    | Identified the +5 ring mail "Aqiet" {rElec rC++ rCorr
                  | Slay-4}
 38054 | Elf:3    | Reached skill level 10 in Spellcasting
 38184 | Elf:3    | Identified the ring "Heog" {rN+ SInv}
 38198 | Elf:3    | Identified the +2 robe of Zuz Niki {rPois}
 38213 | Elf:3    | Noticed a Tzitzimitl
 38361 | Elf:3    | Noticed a Brimstone Fiend
 38759 | Elf:3    | Found a shimmering blue altar of Sif Muna.
 38906 | Orc:2    | Bought a book of Debilitation for 280 gold pieces
 38908 | Orc:2    | Learned a level 1 spell: Slow
 38912 | Orc:2    | Learned a level 3 spell: Confusing Touch
 39190 | Orc:2    | Bought a scroll of teleportation for 45 gold pieces
 39190 | Orc:2    | Bought a scroll of fear for 60 gold pieces
 39190 | Orc:2    | Bought a scroll of fear for 60 gold pieces
 39477 | D:14     | Killed Louise
 39586 | D:15     | Entered Level 15 of the Dungeon
 39782 | D:15     | Reached skill level 17 in Armour
 39794 | D:15     | Found an opulent altar of Gozag.
 39909 | D:15     | Found a staircase to the Depths.
 40341 | Vaults:1 | Entered Level 1 of the Vaults
 41253 | Vaults:1 | Reached XP level 21. HP: 173/173 MP: 35/35
 41260 | Vaults:1 | Reached skill level 18 in Armour
 41917 | Vaults:2 | Found a magical portal.
 41926 | WizLab   | Entered Borgnjor's Mausoleum
 42256 | WizLab   | Reached skill level 19 in Armour
 42711 | WizLab   | Got Borgnjor's Codex of the Charnel House
 42914 | Vaults:2 | Found Giustrios's Magic Scroll Emporium.
 42968 | Vaults:2 | Bought a scroll of teleportation for 57 gold pieces
 43106 | Vaults:2 | Reached skill level 20 in Armour
 43979 | Vaults:3 | Identified the +6 long sword of Mocy {freeze, Stlth+}
 44049 | Vaults:3 | Reached XP level 22. HP: 158/183 MP: 35/37
 44254 | Vaults:3 | Reached skill level 21 in Armour
 44399 | Vaults:3 | Found Berot's General Store.
 44403 | Vaults:3 | Bought a scroll of teleportation for 60 gold pieces
 44522 | Vaults:3 | Noticed Xtahua
 44535 | Vaults:3 | Killed Xtahua
 44944 | Vaults:3 | Acquired the +1 pair of boots "Nolidom" {rPois rC+ rN+
                  | Str+2}
 45229 | Vaults:3 | Found a staircase to the Crypt.
 46726 | Vaults:4 | Reached XP level 23. HP: 174/191 MP: 32/38
 47194 | Vaults:4 | Upgraded the game from 0.30-a0-739-gea05faddec to
                  | 0.30-a0-743-gbfdf073431
 47209 | Vaults:5 | Entered Level 5 of the Vaults
 47218 | Vaults:5 | Reached skill level 22 in Armour
 47853 | Vaults:5 | Noticed a dread lich
 47875 | Vaults:5 | Killed a dread lich
 47933 | Vaults:5 | Identified the +1 pair of gloves of Inaction {rF+ rN++
                  | Will+ Stlth-}
 47981 | Vaults:5 | Noticed a golden dragon
 47991 | Vaults:5 | Killed a golden dragon
 48068 | Vaults:5 | Identified the +1 ring mail of Immorality {Rampage rN+
                  | Will+}
 48385 | Vaults:5 | Reached skill level 23 in Armour
 48433 | Vaults:5 | Reached XP level 24. HP: 182/202 MP: 39/39
 48711 | Vaults:5 | Noticed an ancient lich
 48716 | Vaults:5 | Killed an ancient lich
 48871 | Vaults:5 | Identified the +5 ring mail "Axesed" {Harm Fly rElec}
 49212 | Vaults:5 | Noticed Boris
 49227 | Vaults:5 | Killed Boris
 49309 | Vaults:5 | Identified the +1 ring mail of Ignis's Envy {*Corrode rPois
                  | rC++ Str-2}
 49415 | Vaults:5 | Got Yhieviar's Compendium of Blasted Interference
 49429 | Vaults:5 | Got Sif Muna's Disquisition on Snow-white Inhalation
 49436 | Vaults:5 | Got a silver rune of Zot
 49484 | Vaults:5 | Learned a level 3 spell: Tukima's Dance
 49817 | Vaults:5 | Found Bimyfeg's Jewellery Shoppe.
 49894 | Vaults:5 | Got Fiffebb's Anthology of Translocational Immolation
 50191 | Depths:1 | Entered Level 1 of the Depths
 50224 | Depths:1 | Noticed Saint Roka
 50238 | Depths:1 | Killed Saint Roka
 50347 | Depths:1 | Found Atohaekh's Changing Room.
 50385 | Depths:1 | Learned a level 5 spell: Metabolic Englaciation
 50391 | Depths:1 | Learned a level 5 spell: Silence
 50397 | Depths:1 | Learned a level 5 spell: Yara's Violent Unravelling
 50493 | Depths:1 | Found a gateway to Hell.
 50567 | Depths:1 | Reached skill level 1 in Transmutations
 50751 | Depths:1 | Reached skill level 1 in Air Magic
 51021 | Depths:1 | Found a one-way gate leading to the halls of Pandemonium.
 51042 | Depths:1 | You fall into a shaft and drop 1 floor!
 51132 | Depths:1 | Found an ancient bone altar of Kikubaaqudgha.
 51675 | Depths:2 | Found a one-way gateway to a ziggurat.
 51791 | Depths:2 | Found Joneutiz's Book Shop.
 51830 | Depths:2 | Found Uwkorest's General Store.
 51833 | Depths:2 | Bought a potion of heal wounds for 85 gold pieces
 51833 | Depths:2 | Bought a potion of curing for 51 gold pieces
 51833 | Depths:2 | Bought a scroll of teleportation for 51 gold pieces
 51833 | Depths:2 | Bought a scroll of teleportation for 51 gold pieces
 52051 | Vaults:2 | Bought 2 scrolls of acquirement for 1976 gold pieces
 52051 | Vaults:2 | Acquired the +0 cloak of Zuume {rF+ Str-2 Slay+4 SInv}
 52052 | Vaults:2 | Acquired Sif Muna's Teachings on Ill Luck
 52251 | Depths:2 | Found a transporter.
 52258 | Depths:2 | Identified the ring of Ylinwady {Wiz Str+5 Stlth+}
 52290 | Depths:2 | Found a shadowy altar of Dithmenos.
 52466 | Depths:2 | Found a transporter.
 52638 | Depths:3 | Found Sijat's Self-Improvement Boutique.
 52911 | Depths:3 | Noticed a juggernaut
 52919 | Depths:3 | Reached skill level 5 in Transmutations
 53177 | Depths:3 | Reached XP level 25. HP: 159/210 MP: 31/39
 53220 | Depths:3 | Noticed a juggernaut
 53233 | Depths:3 | Killed a juggernaut
 53668 | Depths:3 | Killed a juggernaut
 53675 | Depths:3 | Noticed Boris
 53682 | Depths:3 | Killed Boris
 53683 | Depths:3 | Reached skill level 10 in Invocations
 53780 | Depths:3 | Noticed an ancient lich
 53789 | Depths:3 | Killed an ancient lich
 54045 | Depths:3 | Found the +4 moon troll leather armour {Spirit, Regen++
                  | MP+5}
 54216 | Depths:3 | Found a corrupted altar of Lugonu.
 54617 | Depths:3 | Gained mutation: You have hidden genetic defects. [a
                  | neqoxec]
 54634 | Depths:3 | Reached skill level 24 in Armour
 54942 | Depths:4 | Entered Level 4 of the Depths
 54991 | Depths:4 | Reached XP level 26. HP: 219/219 MP: 40/40
 55163 | Depths:4 | Reached skill level 5 in Air Magic
 55331 | Depths:4 | Found a gate to the Realm of Zot.
 55491 | Depths:4 | Found a stormy altar of Qazlal.
 55728 | Depths:4 | Noticed a juggernaut
 55740 | Depths:4 | Killed a juggernaut
 55742 | Depths:4 | Identified the +1 morningstar of True Grit {freeze, *Noise
                  | rCorr Stlth+}
 56056 | Zot:1    | Entered Level 1 of the Realm of Zot
 56057 | Zot:1    | Upgraded the game from 0.30-a0-743-gbfdf073431 to
                  | 0.30-a0-748-ge6a52f7cba
 56075 | Zot:1    | You fall into a shaft and drop 1 floor!
 56199 | Zot:1    | Reached skill level 10 in Transmutations
 57327 | Zot:1    | Noticed an orb of fire
 57336 | Zot:1    | Gained mutation: Armour fits poorly on your strangely
                  | shaped body. [an orb of fire]
 57341 | Zot:1    | Gained mutation: You occasionally lose the ability to drink
                  | potions when taking damage. [an orb of fire]
 57342 | Zot:1    | Killed an orb of fire
 57506 | Zot:1    | Lost mutation: You have large cloven feet. [potion of
                  | mutation]
 57506 | Zot:1    | Lost mutation: You have hidden genetic defects. [potion of
                  | mutation]
 57506 | Zot:1    | Lost mutation: You occasionally lose the ability to drink
                  | potions when taking damage. [potion of mutation]
 57506 | Zot:1    | Gained mutation: You have a pair of horns on your head.
                  | [potion of mutation]
 57506 | Zot:1    | Gained mutation: You possess an exceptional clarity of
                  | mind. [potion of mutation]
 57506 | Zot:1    | Gained mutation: You have a somewhat thin skeletal
                  | structure. (Dex +2, Stealth+) [potion of mutation]
 57854 | Zot:1    | Identified the +6 shortbow of Oroqext {elec, Fragile rElec
                  | Str+4}
 58516 | Zot:2    | Identified the +4 flail "Douhav" {drain, Int+3}
 59737 | Zot:3    | Reached XP level 27. HP: 215/228 MP: 37/40
 60157 | Zot:3    | Reached skill level 1 in Ice Magic
 60585 | Zot:4    | Found the +13 scythe of Curses {drain, curses, Drain}
 60870 | Zot:4    | Identified the ring of Xeogityn {rN+ Str+2 Stlth+}
 61222 | Zot:4    | Got the Lectures on Atmospheric Maleficent Secrets
 61795 | Zot:5    | Entered Level 5 of the Realm of Zot
 62436 | Zot:5    | Noticed an orb of fire
 62465 | Zot:5    | Killed an orb of fire
 62491 | Zot:5    | Noticed an orb of fire
 62523 | Zot:5    | Killed an orb of fire
 62705 | Zot:5    | Noticed an ancient lich
 62717 | Zot:5    | Killed an ancient lich
 62766 | Zot:5    | Noticed an ancient lich
 62774 | Zot:5    | Killed an ancient lich
 63070 | Zot:5    | Reached skill level 25 in Armour
 63151 | Zot:5    | Noticed an orb of fire
 63195 | Zot:5    | Noticed an ancient lich
 63195 | Zot:5    | Noticed an ancient lich
 63195 | Zot:5    | Noticed an orb of fire
 63307 | Zot:5    | Noticed an orb of fire
 63317 | Zot:5    | Killed an orb of fire
 63326 | Zot:5    | Killed an ancient lich
 63454 | Zot:5    | Killed an orb of fire
 63485 | Zot:5    | Noticed an ancient lich
 63495 | Zot:5    | Killed an ancient lich
 63496 | Zot:5    | Reached skill level 5 in Ice Magic
 63499 | Zot:5    | Got the Orb of Zot
 63673 | D:15     | Noticed Plog the pandemonium lord
 63981 | D:$      | Escaped with the Orb!

Illustrated notes

Levels and vault maps discovered:
D:1:      amcnicky_arrival_feature_with_door, layout_loops_ring,
          serial_bayou_crossing
D:2:      layout_loops_ring, serial_shops, shop, amcnicky_mini_corridor_feature
D:3:      layout_rooms, riverfiend_overflow_shadow_ancestor,
          nicolae_overflow_crystal_walls
D:4:      wad_pebble_path, layout_basic, mainiacjoe_overflow_small_starburst,
          okawaru_gym_becter, serial_co_window_serial, co_window_corner_a,
          co_window_paths_a, co_window_corner_a, co_window_corner_a,
          co_window_corner_a, co_window_corner_cb, co_window_broadway_b,
          co_window_of_opportunity_b, co_window_broadway_b,
          co_window_of_opportunity_b, glass_columns_a, glass_columns_c,
          glass_columns_a, glass_columns_a, grunt_ministairs_7, minmay_cut_off,
          uniq_edmund, uniq_duvessa, uniq_menkaure
D:5:      layout_basic, uniq_ijyb
D:6:      layout_cave_pools, ashenzari_conservatory_becter, temple_fountains
D:7:      layout_loops_ring, mainiacjoe_overflow_tiny_flanked, vehumet_crystals,
          mainiacjoe_overflow_catch_the_wave, chequers_decorated_corner
D:8:      layout_loops_cross, xom_shifter_show, grunt_lair_entry_orc_guard_hut,
          chequers_serial_rivers_micro_e, the_hattery
D:9:      layout_cross, lemuel_crystal_altar, zombieorc2_lemuel, enter_bailey_5,
          minmay_pinched_square, uniq_prince_ribbit1
D:10:     layout_irregular_city, zin_academy
D:11:     layout_rooms, serial_shops, shop, nicolae_square_shop, shop, shop,
          shop_statue
D:12:     layout_stronghold, portal_ice_cave_demonic_guard,
          minmay_misc_feat_iff, uniq_jorgrun
D:13:     minmay_sliced_demisemicircle, layout_cave_pools, erik_vaults_2,
          serial_shops, shop
D:14:     layout_irregular_city, yredelemnul_altar_generic, uniq_louise
D:15:     gammafunk_depths_entry_grave, layout_irregular_city, minivault_14,
          nicolae_gozag_cash_rules_everything_around_me
Lair:1:   layout_gridlike, serial_bayou_shore_a, infiniplex_staircase_pool_2,
          uniq_sonja
Lair:2:   layout_long_grid, guppyfry_snake_entry_garden,
          nicolae_volcano_entry_lava_flow, gauntlet_entry_generic,
          nicolae_lair_lindhole, uniq_fannar
Lair:3:   layout_regular_city, nicolae_shoals_entry_flooding
Lair:4:   statuecave_lemuel, layout_loops_ring, grunt_forest_stairs_basic,
          nicolae_lair_lakeside_cave, grunt_megastairs_1
Lair:5:   hellmonk_lair_end_abyssal_woods, layout_long_grid,
          minmay_slime_entry_oklob_open
Shoals:1: layout_shoals, nicolae_shoals_beach_house_on_fowls_legs
Shoals:2: layout_shoals
Shoals:3: layout_shoals, uniq_ilsuiw
Shoals:4: shoals_end_grunt_ice, layout_shoals, nicolae_shoals_kraken_party
Snake:1:  layout_onion, serial_shops, shop, nicolae_snake_omega,
          minmay_shop_grove, grunt_megastairs_3, uniq_aizul
Snake:2:  layout_rooms, serial_shops, shop, serial_bayou_lake_a, uniq_donald,
          uniq_mlioglotl, uniq_vashnia, uniq_agnes
Snake:3:  layout_cave_town, drop_trap, st_stairs_11, grunt_megastairs_2,
          serial_bayou_shore_b, uniq_nikola
Snake:4:  grunt_snake_rune_pools, layout_misc_corridors,
          nicolae_snake_snake_lake, st_stairs_13
Orc:1:    layout_caves, minmay_orc_treasury, uniq_josephine
Orc:2:    grunt_orc_tribal_feast, layout_diamond_mine, serial_shops,
          shop_scrolls, uniq_maurice
Elf:1:    nicolae_elf_arrival_aired_out, layout_gridlike, serial_shops,
          nicolae_shop_statue_plus, minmay_elf_necromancy
Elf:2:    elven_hall_of_blades_hangedman_original [nooodl_blade_entry_preview],
          layout_geoelf_grid
Elf:3:    minmay_elf_hall_spiked, layout_onion_city, enter_trove_1,
          guppyfry_elf_altar
Vaults:1: v_alt_pattern_2, vaults_room_boxed, v_misc_10,
          ontoclasm_vaults_decontamination, dpeg_vaults_monster_row,
          vaults_room_stairs_pillars, serial_ice_h, layout_vaults_omnigrid
Vaults:2: mu_enter_wizlab_5, nicolae_vaults_specimen_jars,
          nicolae_vaults_diagonal_hallway_9, vaults_room_large_hall,
          vaults_standard_mumra_lines, nicolae_vaults_big_ls,
          grunt_vaults_bifocal, v_misc_24, hangedman_vaults_cutoff,
          vaults_dpeg_ring, vaults_room_fours, vaults_room_stairs_pillars,
          vaults_dpeg_diagonal, layout_vaults_big_room, serial_shops, shop
Vaults:3: st_diamondy, vaults_room_large_hall, hangedman_vaults_stitches,
          minmay_crypt_entry_vampire_xt, nicolae_vaults_network_periphery,
          nicolae_vaults_little_squares_3, nicolae_vaults_network_star,
          hangedman_vaults_nails, layout_vaults_omnicross, serial_shops,
          nicolae_diamond_shop, uniq_xtahua
Vaults:4: vaults_room_glass_cross, vaults_room_semicircle,
          ontoclasm_vaults_loading_screen, v_misc_33, v_misc_9,
          nicolae_vaults_yaktaur_gun_rack, ontoclasm_vaults_pinch,
          grunt_vaults_hallway_short, ontoclasm_vaults_gateway,
          vaults_room_grunt_arrival_checkpoint, layout_vaults_ring
Vaults:5: uniq_boris
Depths:1: layout_basic, pan_entry, lightli_too_deep, abyss_entry,
          nicolae_transmutations_shop, nicolae_kite_square_tiling_tiny,
          nicolae_danse_macabre, uniq_saint_roka
Depths:2: gammafunk_its_a_trap, layout_honeycomb, enter_ziggurat_f,
          pf_hell_entry_tar_spiral, rand_demon_pan_entry_5, serial_shops,
          nicolae_shop_stone, nicolae_shop_waterfront,
          minmay_misc_feat_nine_boxes, nicolae_dithmenos_through_a_glass_darkly
Depths:3: minmay_octagon_city, layout_cave_shapes, special_room
          [special_room_magic_class], hangedman_abyss_or_decor_jellyfish_corner,
          abyss_entry_flame_altar, hangedman_coc_ice_floe,
          grunt_pan_entry_spiral, nicolae_shop_self_help
Depths:4: evilmike_zot_entry_basic, layout_gridlike, grunt_hell_entry_dis_old,
          roderic_nine_men_s_morris, nicolae_qazlal_eye_of_the_storm
Zot:1:    gammafunk_mikee_crab_dinner, layout_cathedral_of_symmetry,
          st_large_dragon_hoard_3
Zot:2:    layout_gridlike, st_stairs_1, hangedman_zot_decor_tridents
Zot:3:    layout_cellular_growth, grunt_megastairs_5
Zot:4:    layout_misc_corridors, st_large_dragon_hoard_4
Zot:5:    layout_misc_corridors, grunt_ministairs_15

Skill      XL: |  1  2  3  4  5  6  7  8  9 10 11 12 13 14 15 16 17 18 19 20 21 22 23 24 25 26 27 |
---------------+----------------------------------------------------------------------------------+-----
Stealth        | 1 2 3 4 5 6 7 |  7.5
Fighting       | 3 4 5 6 7 8 9 10 11 12 13 14 15 16 17 18 19 20 21 22 23 | 23.0
Dodging        | 2 3 4 5 6 7 8 9 10 11 13 14 | 14.0
Ranged Weapons | 4 5 6 8 9 10 11 12 13 14 15 16 18 20 21 22 23 24 | 24.2
Short Blades   | 1 2 |  2.0
Axes           | 2 4 7 9 |  9.0
Invocations    | 3 6 7 9 11 12 14 | 14.8
Spellcasting   | 2 3 4 5 6 7 8 9 10 11 12 13 14 | 14.5
Armour         | 5 8 9 10 11 12 13 15 17 20 21 23 24 25 | 25.1
Evocations     | 3 5 6 7 |  7.8
Hexes          | 3 5 6 8 |  8.5
Translocations | 2 4 5 |  5.2
Fire Magic     | 4 |  4.1
Earth Magic    | 2 3 |  3.2
Transmutations | 5 9 10 | 10.0
Air Magic      | 2 4 7 |  7.3
Ice Magic      | 5 |  5.2

Action                     |  1- 3 |  4- 6 |  7- 9 | 10-12 | 13-15 | 16-18 | 19-21 | 22-24 | 25-27 || total
---------------------------+-------+-------+-------+-------+-------+-------+-------+-------+-------++-------
  Melee: Short sword       |     9 |       |       |     1 |       |       |       |       |       ||    10
         Rapier            |     8 |       |       |       |       |       |       |       |       ||     8
         Dagger            |     1 |    29 |     9 |       |       |     1 |       |       |       ||    40
         Hand axe          |       |       |    18 |    90 |   231 |       |       |       |       ||   339
         Scimitar          |       |       |       |     1 |     2 |       |       |       |       ||     3
         Punch             |       |       |       |     1 |     3 |     2 |     4 |     3 |     8 ||    21
         Headbutt          |       |       |       |       |    63 |    76 |    44 |    48 |    67 ||   298
         War axe           |       |       |       |       |    70 |   236 |   143 |   130 |   159 ||   738
   Fire: Shortbow          |    99 |   155 |   232 |   507 |   977 |   863 |       |       |       ||  2833
         Arbalest          |       |       |       |       |       |   143 |   323 |       |       ||   466
         Longbow           |       |       |       |       |       |       |   708 |  1136 |  1500 ||  3344
  Throw: Throwing net      |       |       |       |       |       |     3 |       |       |       ||     3
   Cast: Portal Projectile |       |       |       |       |       |    63 |    22 |     2 |     1 ||    88
         Inner Flame       |       |       |       |       |       |    86 |    69 |    43 |       ||   198
         Cause Fear        |       |       |       |       |       |    10 |       |       |       ||    10
         Leda's Liquefacti |       |       |       |       |       |     4 |     1 |     1 |       ||     6
         Manifold Assault  |       |       |       |       |       |     1 |       |       |       ||     1
         Slow              |       |       |       |       |       |       |     1 |       |       ||     1
         Silence           |       |       |       |       |       |       |       |       |     3 ||     3
         Confusing Touch   |       |       |       |       |       |       |       |       |     1 ||     1
 Invoke: Ancestor Identity |       |     1 |       |       |       |       |       |       |       ||     1
         Recall Ancestor   |       |     1 |       |     6 |     5 |    20 |     5 |    13 |    18 ||    68
         Ancestor Life: Kn |       |       |     1 |       |       |       |       |       |       ||     1
         Transference      |       |       |       |     1 |     1 |       |       |     1 |       ||     3
         Idealise          |       |       |       |       |     1 |     1 |       |     2 |     5 ||     9
Ability: Evoke Blink       |       |       |       |       |     2 |     4 |     2 |     2 |     2 ||    12
  Evoke: Wand              |       |       |       |    10 |    21 |    16 |     1 |     7 |    13 ||    68
         Condenser vane    |       |       |       |     1 |       |     1 |     1 |     3 |       ||     6
         Tin of tremorston |       |       |       |       |       |       |     1 |     1 |       ||     2
         Phial of floods   |       |       |       |       |       |       |       |     1 |       ||     1
         Phantom mirror    |       |       |       |       |       |       |       |       |     3 ||     3
    Use: Scroll            |       |     6 |     2 |    10 |    23 |    20 |    12 |    10 |     3 ||    86
         Potion            |       |       |       |     4 |     4 |    16 |     1 |     5 |     5 ||    35
   Stab: Distracted        |       |     1 |       |     4 |     6 |     2 |     5 |     5 |     5 ||    28
         Invisible         |       |       |       |     1 |       |       |       |       |       ||     1
         Sleeping          |       |       |       |     1 |       |     1 |       |       |       ||     2
 Armour: Leather armour    |    17 |    20 |     4 |       |       |       |       |       |       ||    41
         Troll leather arm |       |       |     9 |    47 |       |       |       |       |       ||    56
         Scale mail        |       |       |       |    17 |   265 |   274 |   129 |   123 |   132 ||   940
  Dodge: Dodged            |    38 |    67 |    27 |   177 |   394 |   504 |   283 |   290 |   355 ||  2135
         Repelled          |       |       |       |     2 |    14 |    34 |    16 |     6 |    19 ||    91
  Block: Reflection        |       |       |       |       |       |     2 |       |       |       ||     2

Table legend: (Time is in decaauts)
 A = Elapsed time spent in this place.
 B = Non-inter-level travel time spent in this place.
 C = Inter-level travel time spent in this place.
 D = Time resting spent in this place.
 E = Time spent auto-exploring this place.
 F = Levels seen in this place.
 G = Mean time per level.
                   A        B        C        D        E       F      G
               +--------+--------+--------+--------+--------+-----+--------+
         Total |  63639 |  57558 |   6081 |  13378 |  26297 |  50 | 1272.8 |
       Dungeon |  14568 |  12194 |   2374 |   1239 |   7293 |  15 |  971.2 |
          Lair |   6557 |   5814 |    743 |    691 |   3286 |   5 | 1311.4 |
        Shoals |   6154 |   5743 |    411 |   2000 |   2123 |   4 | 1538.5 |
     Snake Pit |   8210 |   7652 |    558 |   3528 |   1755 |   4 | 2052.5 |
  Orcish Mines |   1334 |   1092 |    242 |    235 |    505 |   2 |  667.0 |
   Elven Halls |   4137 |   3840 |    297 |    752 |   1908 |   3 | 1379.0 |
        Vaults |   8715 |   7838 |    877 |   1437 |   4001 |   5 | 1743.0 |
        Depths |   5319 |   4937 |    382 |    990 |   2495 |   4 | 1329.8 |
           Zot |   7208 |   7015 |    193 |   2131 |   2762 |   5 | 1441.6 |
         Trove |     80 |     80 |      0 |      0 |      0 |   1 |   80.0 |
        Bailey |    506 |    506 |      0 |      0 |     72 |   1 |  506.0 |
        Wizlab |    845 |    845 |      0 |    373 |     95 |   1 |  845.0 |
               +--------+--------+--------+--------+--------+-----+--------+

Top non-repeatable levels by time:
 Snake:1: 2869 daAuts
Vaults:5: 2601 daAuts
   Zot:1: 2426 daAuts
 Snake:3: 2289 daAuts
 Snake:4: 1962 daAuts
Vaults:3: 1862 daAuts
Depths:3: 1857 daAuts
   Elf:3: 1846 daAuts
Vaults:1: 1816 daAuts
Shoals:4: 1765 daAuts
  Lair:5: 1757 daAuts
  Lair:4: 1610 daAuts
Shoals:3: 1591 daAuts
   Zot:5: 1577 daAuts
Shoals:1: 1552 daAuts
